 Dungeon Sprint DCSS version 0.29-a0-103-g37f86683bf (webtiles) character file.

Game seed: 6142246386318830377

121 cyrus the Covered (level 5, -3/46 HPs)
             Began as a Formicid Fighter on Feb 15, 2022.
             Slain by a killer bee (11 damage)
             ... in the Dungeon (Sprint IV: "Fedhas' Mad Dash").
             The game lasted 00:02:29 (1529 turns).

cyrus the Covered (Formicid Fighter)                Turns: 1529, Time: 00:02:30

Health: -3/46      AC:  7    Str: 20    XL:     5   Next: 26%
Magic:  5/5        EV:  9    Int: 10    God:
Gold:   80         SH:  5    Dex: 10    Spells: 4/4 levels left

rFire   . . .      SeeInvis +   a - +0 trident
rCold   . . .      Faith    .   c - +0 buckler
rNeg    . . .      Spirit   .   b - +0 scale mail
rPois   .          Reflect  .   (helmet unavailable)
rElec   .          Harm     .   (no cloak)
rCorr   .          Rampage  .   (no gloves)
Will    .....                   (no boots)
Stlth   ..........              d - amulet of invisibility {+Inv}
HPRegen 0.15/turn               (no ring)
MPRegen 0.09/turn               (no ring)

@: lethally poisoned (-3 -> -13)
A: permanent stasis, dig shafts and tunnels, antennae 3, four strong arms
a: Dig, Evoke Invisibility


You were in the Dungeon.
You visited 1 branch You collected 80 gold pieces.

Inventory:

Hand Weapons
 a - a +0 trident (weapon)
Armour
 b - a +0 scale mail (worn)
 c - a +0 buckler (worn)
Jewellery
 d - the amulet of invisibility (around neck) {+Inv}
   (You found it in the Dungeon)

   [amulet of nothing]

   +Inv:      It lets you turn invisible.
Potions
 g - 2 potions of magic


   Skills:
 + Level 6.2 Fighting
 + Level 4.0 Polearms
 + Level 6.9 Armour
 + Level 0.4 Dodging
 + Level 6.7 Shields


You had 4 spell levels left.
You didn't know any spells.
Your spell library was empty.

Dungeon Overview and Level Annotations

Branches:
Dungeon (1/1)

Altars:
Cheibriados
Gozag
Hepliaklqana
Makhleb
Nemelex Xobeh
Ru
Sif Muna
Trog
Wu Jian
Xom
Yredelemnul
Beogh
Jiyva

Annotations:
D exclusion: oklob sapling


Innate Abilities, Weirdness & Mutations

You cannot be hasted, slowed, berserked, paralysed or teleported.
You can dig through walls and to a lower floor.
You have a pair of large antennae on your head. (SInv)
Your four strong arms can wield two-handed weapons with a shield.


Message History

Really walk into a travel-excluded area? [Y]es or [N]o only, please.
Really walk into a travel-excluded area?
Okay, then.
You see here a +0 hunting sling.
There is an open door here.
You open the door.
There is an open door here.
A queen bee and a killer bee come into view.
The killer bee buzzes angrily.
You hear an angry buzzing noise.
A killer bee comes into view.
A killer bee comes into view.
The killer bee buzzes angrily.
A killer bee comes into view.
The killer bee buzzes angrily.
The killer bee stings you! You block the killer bee's attack.
The killer bee stings you!
You are poisoned.
The killer bee poisons you!
You feel sick.
The queen bee calls on the killer bee to defend it!
The killer bee goes berserk!
The queen bee calls on the killer bee to defend it!
The killer bee goes berserk!
The killer bee stings you but does no damage.
The killer bee misses you.
You feel sick. The killer bee closely misses you. The killer bee stings you.
You block the killer bee's attack. The killer bee stings you.
You feel sick. The killer bee stings you.
* * * LOW HITPOINT WARNING * * *
You are lethally poisoned!
The killer bee poisons you! You block the killer bee's attack.
The killer bee closely misses you. The killer bee stings you.
* * * LOW HITPOINT WARNING * * *
The killer bee stings you.
* * * LOW HITPOINT WARNING * * *
* * * LOW HITPOINT WARNING * * *
You feel sick. The killer bee barely misses you.
The killer bee closely misses you. The killer bee stings you!
You die...

#########################
#<...#.....#.....#.⌠._._.
#PP..'.[...'.#[).'.._._._
#PPPP#.....#.#...#..._._P
###############'##.._._._
♣...y..yy@...#._._._.
#......♣...yy#...########
#.....♣..♣..######
##+####+##### { { { { { {


You could see a queen bee and 4 killer bees.

Vanquished Creatures
  A scorpion (D)
  2 oklob saplings (D)
  A river rat (D)
  A rat (D)
5 creatures vanquished.

Vanquished Creatures (others)
  A fungus (D)
1 creature vanquished.

Grand Total: 6 creatures vanquished

Notes
Turn   | Place    | Note
-------+----------+-------------------------------------------
     0 | D        | cyrus the Formicid Fighter began the quest for the Orb.
     0 | D        | Reached XP level 1. HP: 18/18 MP: 1/1
    17 | D        | Reached XP level 2. HP: 16/25 MP: 2/2
   230 | D        | Noticed an oklob sapling
   249 | D        | Killed an oklob sapling
   250 | D        | Reached skill level 5 in Armour
   250 | D        | Reached skill level 5 in Shields
   250 | D        | Reached XP level 3. HP: 18/32 MP: 3/3
   686 | D        | Noticed a scorpion
   686 | D        | Found the amulet of invisibility {+Inv}
   691 | D        | Killed a scorpion
   692 | D        | Reached skill level 5 in Fighting
   692 | D        | Reached XP level 4. HP: 34/40 MP: 4/4
   716 | D        | Found an opulent altar of Gozag.
   716 | D        | Found a hazy altar of Hepliaklqana.
   716 | D        | Found a burning altar of Makhleb.
   716 | D        | Found a sparkling altar of Nemelex Xobeh.
   716 | D        | Found a snail-covered altar of Cheibriados.
   716 | D        | Found a sacrificial altar of Ru.
   716 | D        | Found a shimmering blue altar of Sif Muna.
   716 | D        | Found a shimmering altar of Xom.
   716 | D        | Found a basalt altar of Yredelemnul.
   717 | D        | Found a viscous altar of Jiyva.
   717 | D        | Found a bloodstained altar of Trog.
   717 | D        | Found an ornate altar of the Wu Jian Council.
   717 | D        | Noticed an oklob sapling priest
  1258 | D        | Reached XP level 5. HP: 24/46 MP: 5/5
  1521 | D        | Noticed a queen bee
  1529 | D        | Slain by a killer bee

Illustrated notes

Levels and vault maps discovered:
D:        dungeon_sprint_fedhas [sprint_temple]

Skill      XL: |  1  2  3  4 |
---------------+-------------+-----
Fighting       | 4 5 6 |  6.2
Armour         | 4 5 6 |  6.9
Shields        | 4 5 6 |  6.7
Polearms       | 3 4 |  4.0
Dodging        | |  0.4

Action                   |  1- 3 |  4- 6 || total
-------------------------+-------+-------++-------
Melee: Trident           |    18 |     4 ||    22
 Abil: Dig               |     1 |       ||     1
  Use: Potion            |     3 |       ||     3
Armor: Scale mail        |     4 |     1 ||     5
Dodge: Dodged            |     2 |     6 ||     8
Block: Buckler           |     2 |     3 ||     5

Table legend: (Time is in decaauts)
 A = Elapsed time spent in this place.
 B = Non-inter-level travel time spent in this place.
 C = Inter-level travel time spent in this place.
 D = Time resting spent in this place.
 E = Time spent auto-exploring this place.
 F = Levels seen in this place.
 G = Mean time per level.
                   A        B        C        D        E       F      G
               +--------+--------+--------+--------+--------+-----+--------+
         Total |   1533 |   1533 |      0 |   1401 |      0 |   1 | 1533.0 |
       Dungeon |   1533 |   1533 |      0 |   1401 |      0 |   1 | 1533.0 |
               +--------+--------+--------+--------+--------+-----+--------+

Top non-repeatable levels by time:
       D: 1533 daAuts
